Map: Lightshade LE

Players

BratOK (Brat_OK)

  • Race: Terran Terran
  • League: Grandmaster

MaxPax - Winner!

  • Race: Protoss Protoss
  • League: Grandmaster

Event: DreamHack SC2 Masters 2021 Summer

VOD

Have the link to the VOD?

Description

Time

  • Played on: May 27, 2021, 11:18 a.m.
  • Length: 6:05

All games in this series

Show
View Real Time Build Order
Export as new Build Order

BratOK Terran 

Build Orders:  

Get SALT Encoding   

  12  0:00  SCV  
  13  0:12  SCV  
  14  0:17  Supply Depot  
  14  0:25  SCV  
  15  0:38  SCV  
  15  0:40  Barracks  
  16  0:44  Refinery  
  16  0:51  SCV  
  17  1:03  SCV  
  18  1:15  SCV  
  19  1:28  Orbital Command, Marine  
  20  1:44  Command Center  
  20  1:46  Barracks Reactor  
  20  1:54  SCV  
  20  1:57  Supply Depot  
  21  2:08  SCV  
  21  2:12  Barracks  
  22  2:20  SCV  
  22  2:22  Marine x2  
  23  2:27  Barracks  
  25  2:33  SCV  
  26  2:40  Marine x2  
  26  2:41  Bunker  
  28  2:45  SCV  
  29  2:57  SCV  
  30  3:00  Orbital Command  
  30  3:02  Barracks Tech Lab  
  30  3:09  SCV  
  31  3:13  Marine x2  
  31  3:15  Barracks Tech Lab  
  33  3:21  SCV, Stimpack  
  33  3:24  Marine  
  35  3:27  SCV  
  35  3:31  Supply Depot  
  35  3:33  SCV  
  35  3:34  Marine x3  
  38  3:37  Combat Shield  
  40  3:43  Marine  
  41  3:51  Marine  
  41  3:53  SCV  
  42  3:56  Marauder, Marine, Supply Depot  
  42  4:02  Marauder  
  47  4:05  Engineering Bay  
  47  4:08  SCV  
  47  4:09  SCV, Marine  
  50  4:14  Marine  
  51  4:17  Marine  
  51  4:20  SCV  
  51  4:22  Marine  
  54  4:27  SCV, Marine  
  56  4:32  Marine  
  56  4:33  Missile Turret  
  56  4:35  SCV, Factory, Marine  
  56  4:37  Refinery x2  
  59  4:40  Marine  
  59  4:43  Supply Depot  
  60  4:48  SCV  
  60  4:53  Marauder  
  62  5:07  Marauder  
  57  5:15  Marauder, Marine  
  48  5:28  Marauder  
  48  5:29  Marine  
  33  5:36  Marauder  
  33  5:39  SCV  
Show
View Real Time Build Order
Export as new Build Order

MaxPax Protoss - Winner!

Build Orders: 1 Gate Expand, Blink Stalkers 

Get SALT Encoding   

  12  0:00  Probe  
  13  0:12  Probe  
  14  0:16  Pylon  
  14  0:24  Probe (Chrono Boost)  
  16  0:36  Probe (Chrono Boost)  
  16  0:39  Gateway  
  16  0:43  Probe (Chrono Boost)  
  17  0:51  Probe  
  18  1:10  Nexus  
  18  1:15  Assimilator  
  18  1:18  Probe  
  19  1:29  Cybernetics Core  
  19  1:31  Probe  
  20  1:36  Assimilator  
  20  1:44  Probe (Chrono Boost)  
  21  1:49  Pylon  
  22  1:54  Probe (Chrono Boost)  
  22  1:59  Probe (Chrono Boost)  
  23  2:05  Adept (Chrono Boost)  
  23  2:07  Warp Gate  
  25  2:10  Probe  
  26  2:22  Probe (Chrono Boost)  
  28  2:28  Probe (Chrono Boost), Twilight Council  
  28  2:31  Probe (Chrono Boost)  
  28  2:35  Probe (Chrono Boost)  
  28  2:36  Adept  
  32  2:37  Probe  
  33  2:46  Probe  
  35  2:51  Probe, Robotics Facility  
  35  2:58  Probe  
  35  3:03  Probe  
  37  3:06  Gateway  
  37  3:10  Probe  
  37  3:12  Blink (Chrono Boost)  
  38  3:17  Probe  
  39  3:27  Gateway  
  39  3:30  Gateway  
  39  3:31  Probe  
  40  3:34  Shield Battery  
  40  3:41  Warp Prism (Chrono Boost)  
  42  3:51  Probe  
  42  3:52  Probe  
  44  4:00  Pylon  
  42  4:02  Stalker x2  
  42  4:05  Pylon  
  42  4:07  Assimilator  
  46  4:18  Probe x2, Observer  
  46  4:19  Pylon  
  49  4:28  Stalker x3  
  49  4:30  Probe  
  56  4:33  Assimilator, Stalker  
  56  4:37  Pylon  
  56  4:38  Probe  
  59  4:42  Probe  
  60  4:58  Stalker x4  
  68  5:00  Shield Battery  
  53  5:23  Stalker x3  
  21  6:04  Pylon  
Tags
 
Add a new tag
Caveats
  • Supply blocks, unpowered buildings, or Contaminate may cause inaccurate times.
  • Supply counts are checked every 10 seconds.